 Dungeon Crawl Stone Soup version 0.20.0-9-g8272e65 (webtiles) character file.

1450 McKennaii the Slasher (level 8, 0/62 HPs)
             Began as a Demonspawn Abyssal Knight on June 3, 2017.
             Was a Priest of Lugonu.
             Slain by a killer bee (4 damage)
             ... on level 7 of the Dungeon.
             The game lasted 00:10:44 (5200 turns).

McKennaii the Slasher (Demonspawn Abyssal Knight)   Turns: 5200, Time: 00:10:44

Health: 0/62       AC:  9    Str: 16    XL:     8   Next: 47%
Magic:  8/10       EV: 12    Int: 13    God:    Lugonu [***...]
Gold:   482        SH:  0    Dex: 14    Spells: 7/7 levels left

rFire    + . .     SeeInvis .   e - +4 falchion (elec)
rCold    + . .     Gourm    .   (no shield)
rNeg     . . .     Faith    .   d - +2 ring mail {rC+}
rPois    .         Spirit   .   o - +0 helmet
rElec    .         Reflect  .   (no cloak)
rCorr    .         Harm     .   (no gloves)
MR       +....     Clarity  +   (no boots)
Stlth    +.........             (no amulet)
Regen    0.2/turn               j - ring of wizardry
MPRegen  0.2/turn               l - ring of protection from magic

@: no status effects
A: hooves 2, clarity, fire resistance 1, strong 1, wild magic 1, flame cloud
immunity
a: Depart the Abyss, Bend Space, Banish, Renounce Religion


You were on level 7 of the Dungeon.
You worshipped Lugonu.
Lugonu was most pleased with you.
You were very hungry.

You visited 1 branch of the dungeon, and saw 7 of its levels.
You visited the Abyss 1 time.

You collected 482 gold pieces.

Inventory:

Hand Weapons
 e - a +4 falchion of electrocution (weapon)
Armour
 d - a +2 ring mail of cold resistance (worn)
 o - a +0 helmet (worn)
Jewellery
 j - a ring of wizardry (left hand)
 l - a ring of protection from magic (right hand)
Wands
 g - a wand of confusion (12/48)
 h - a wand of iceblast (4/15)
 y - a wand of flame (15/48)
Scrolls
 b - 9 scrolls of identify
 p - a scroll of amnesia {unknown}
 r - 3 scrolls of fog
 t - a scroll of magic mapping
 u - a scroll of fear
 v - 2 scrolls of teleportation
 x - a scroll of remove curse
 A - a scroll of vulnerability {unknown}
Potions
 a - 6 potions of haste
 f - 2 potions of lignification
 m - a potion of berserk rage
 s - a potion of resistance
Books
 w - a book of Frost

   Spells                             Type                      Level
   a - Freeze                         Ice                          1
   b - Throw Frost                    Conjuration/Ice              2
   c - Ozocubu's Armour               Charms/Ice                   3
   d - Throw Icicle                   Conjuration/Ice              4
   e - Summon Ice Beast               Ice/Summoning                4
Comestibles
 c - 9 bread rations
 i - 4 royal jellies
 k - a fruit
 q - 5 meat rations


   Skills:
 + Level 5.1 Fighting
 + Level 6.7 Long Blades
 + Level 4.5 Armour
 + Level 3.4 Dodging
 + Level 1.3 Stealth
 + Level 3.2 Invocations


You had 7 spell levels left.
You didn't know any spells.

Dungeon Overview and Level Annotations

Branches:
Dungeon (7/15)             Temple (0/1) D:4

Altars:
Gozag
Makhleb


Innate Abilities, Weirdness & Mutations

You have hoof-like feet.
Your flesh is heat resistant. (rF+)
You are immune to clouds of flame.
You possess an exceptional clarity of mind.
Your muscles are strong. (Str +2)
Your spells are a little harder to cast, but a little more powerful.


Message History

Evoke which item? (* to show all) (? for menu, Esc to quit)
Aiming: Throw Flame (will waste charges)
Press: ? - help, Shift-Dir - straight line, f - killer bee
Aim: a killer bee (severely wounded)
The puff of flame hits the killer bee.
The killer bee is almost dead.
Evoking this partially-identified wand wasted a few charges.
Evoke which item? (* to show all) (? for menu, Esc to quit)
Aiming: Throw Flame (will waste charges)
Press: ? - help, Shift-Dir - straight line, f/p - killer bee
Aim: a killer bee (almost dead)
The puff of flame misses the killer bee.
Evoking this partially-identified wand wasted a few charges.
The killer bee closely misses you.
You closely miss the killer bee. Your kick misses the killer bee.
The killer bee is almost dead.
The killer bee barely misses you.
The killer bee stings you but does no damage. x2
Space bends around you!
You blink.
The killer bee stings you.
You die...

#.### .... #.#
....... #.# ......
#.# ..... #.# #.#.#
##.##
#####.#.###...###
#[.......##.....#
#@....##...#.#
#.##.yy§.######.#
.........######.#
#.###...........#
###.###...#########
.>........#
######.#.# #†#.#
#.#.#


You could see 2 killer bees.

Vanquished Creatures
  Eustachio (D:4)
  A vampire mosquito (D:6)
  An ice beast (D:7)
  An eye of draining (D:6)
  A black bear (D:5)
  2 ogres (D:6)
  2 bullfrogs
  A scorpion (D:6)
  3 killer bees (D:7)
  2 howler monkeys (D:4)
  A hound (D:6)
  A crimson imp (D:5)
  A centaur skeleton (D:4)
  An iguana (D:4)
  4 worker ants
  Robin (D:2)
  4 adders
  An ooze (D:3)
  An adder skeleton (D:4)
  6 worms
  5 dart slugs
  4 leopard geckos
  8 orcs
  5 giant cockroaches
  12 goblins
  13 hobgoblins
  2 quokkas
  5 bats
  3 frilled lizards
  A jackal skeleton (D:5)
  3 kobolds (D:3)
  7 rats
104 creatures vanquished.

Notes
Turn   | Place    | Note
-------+----------+-------------------------------------------
     0 | Abyss:1  | McKennaii the Demonspawn Abyssal Knight began the quest for the Orb.
     0 | Abyss:1  | Reached XP level 1. HP: 18/18 MP: 2/2
    66 | Abyss:2  | Noticed a chaos spawn
    68 | D:1      | Escaped the Abyss
   252 | D:1      | Reached * piety under Lugonu
   252 | D:1      | Gained mutation: Your flesh is heat resistant. (rF+) [demonic ancestry]
   252 | D:1      | Reached XP level 2. HP: 18/24 MP: 3/3
  1013 | D:2      | Reached skill level 2 in Long Blades
  1334 | D:2      | Noticed Robin
  1349 | D:2      | Gained mutation: You have large cloven feet. [demonic ancestry]
  1349 | D:2      | Reached XP level 3. HP: 25/29 MP: 5/5
  1753 | D:1      | Reached skill level 1 in Dodging
  2021 | D:2      | Killed Robin
  2192 | D:2      | Reached XP level 4. HP: 25/37 MP: 6/6
  2415 | D:2      | Found a burning altar of Makhleb.
  2417 | D:2      | Noticed a balrug
  2425 | D:2      | Noticed a neqoxec
  2425 | D:2      | Noticed a hellwing
  2683 | D:3      | Reached ** piety under Lugonu
  2867 | D:3      | Found an opulent altar of Gozag.
  2949 | D:3      | Reached skill level 3 in Long Blades
  3127 | D:4      | Reached XP level 5. HP: 40/42 MP: 7/7
  3137 | D:4      | Noticed Eustachio
  3159 | D:4      | Gained mutation: Your muscles are strong. (Str +2) [potion of mutation]
  3159 | D:4      | Gained mutation: Your spells are a little harder to cast, but a little more powerful. [potion of mutation]
  3159 | D:4      | Gained mutation: You possess an exceptional clarity of mind. [potion of mutation]
  3172 | D:4      | Killed Eustachio
  3172 | D:4      | Reached XP level 6. HP: 10/48 MP: 8/8
  3611 | D:4      | Found a staircase to the Ecumenical Temple.
  3742 | D:4      | Reached skill level 4 in Long Blades
  4055 | D:5      | Entered Level 5 of the Dungeon
  4243 | D:5      | Gained mutation: You are immune to clouds of flame. [demonic ancestry]
  4243 | D:5      | Reached XP level 7. HP: 53/54 MP: 9/9
  4309 | D:5      | Reached skill level 1 in Stealth
  4790 | D:6      | Reached skill level 5 in Long Blades
  5081 | D:6      | Gained mutation: You have hoof-like feet. [demonic ancestry]
  5081 | D:6      | Reached XP level 8. HP: 61/61 MP: 0/10
  5088 | D:6      | Reached *** piety under Lugonu
  5091 | D:6      | Reached skill level 5 in Fighting
  5091 | D:6      | Reached skill level 6 in Long Blades
  5200 | D:7      | Slain by a killer bee

Skill      XL: |  1  2  3  4  5  6  7  8 |
---------------+-------------------------+-----
Long Blades    | 2 3 4 5 6 |  6.7
Armour         | 2 3 4 |  4.5
Dodging        | 1 2 3 |  3.4
Fighting       | 4 5 |  5.1
Invocations    | 3 |  3.2
Stealth        | 1 |  1.3

Action                   |  1- 3 |  4- 6 |  7- 9 || total
-------------------------+-------+-------+-------++-------
Melee: Falchion          |   139 |   185 |    68 ||   392
       Kick              |    15 |    41 |    20 ||    76
Invok: Depart the Abyss  |     1 |       |       ||     1
       Bend Space        |       |     1 |     2 ||     3
Evoke: Wand              |       |       |     2 ||     2
  Use: Scroll            |     4 |    10 |       ||    14
       Potion            |       |     5 |     1 ||     6
  Eat: Chunk             |     4 |     7 |     2 ||    13
Armor: Ring mail         |    83 |   108 |    24 ||   215
       Leather armour    |     1 |       |       ||     1
       Skin              |       |   101 |       ||   101
Dodge: Dodged            |    89 |   123 |    36 ||   248
       Rpst.: Falchion   |    31 |    39 |     8 ||    78
